 Dungeon Crawl Stone Soup version 0.30-a0-242-g7bf8e6d787 (webtiles) character file.

Game seed: 9910403975166771399

7639 koil the Covert (level 10, -2/51 HPs)
             Began as a Spriggan Enchanter on Oct 12, 2022.
             Was the Champion of Okawaru.
             Slain by an orc warlord
             ... wielding a +4 battleaxe
              (20 damage)
             ... in a bailey.
             The game lasted 00:42:15 (8562 turns).

koil the Covert (Spriggan Enchanter)                Turns: 8562, Time: 00:42:16

Health: -2/51      AC: 10    Str:  4    XL:     10   Next: 98%
Magic:  14/22      EV: 25    Int: 19    God:    Okawaru [******]
Gold:   1856       SH:  0    Dex: 24    Spells: 19/24 levels left

rFire   . . .      SeeInvis +    a - +1 dagger (venom)
rCold   . . .      Faith    .    (no shield)
rNeg    . . .      Spirit   .    b - +0 robe
rPois   .          Reflect  .    e - +2 hat
rElec   .          Harm     .    V - +1 cloak
rCorr   .          Rampage  .    (gloves unavailable)
Will    +....                    (boots unavailable)
Stlth   +++++.....               (no amulet)
HPRegen 0.28/turn                s - +6 ring of dexterity
MPRegen 0.18/turn                k - +4 ring of protection

@: confusing by touch, very quick
A: very small, no large weapons, unfitting armour, see invisible, speed 3
a: Renounce Religion, Heroism, Finesse, Duel


You were in a bailey.
You worshipped Okawaru.
Okawaru was exalted by your worship.
You visited 1 branch of the dungeon, and saw 9 of its levels.
You also visited: Bailey.

You collected 1856 gold pieces.

Inventory:

Hand Weapons
 a - a +1 dagger of venom (weapon)
 d - a +4 short sword
 r - a +0 sling
 A - a +1 long sword of draining
 M - a +1 short sword of venom
 R - a +2 dagger of speed
 S - the +12 flail "Bejofual" {vamp, *Rage +Blink rN+++ Will-}
   (You found it on level 8 of the Dungeon)

   It occasionally heals its wielder for a portion of the damage dealt when it
   wounds a living foe.
   rN:        It renders you almost immune to negative energy.
   +Blink:    It lets you blink.
   *Rage:     It berserks you when you make melee attacks (+20% chance).
   Will:      It decreases your willpower.
Missiles
 I - 6 curare-tipped darts (quivered)
 N - 8 poisoned darts
Armour
 b - a +0 robe (worn)
 e - a +2 hat (worn)
 V - a +1 cloak (worn)
Jewellery
 k - a +4 ring of protection (right hand)
 l - a +6 ring of strength
 p - a ring of ice
 s - a +6 ring of dexterity (left hand)
 x - a ring of protection from fire
 H - a ring of ice
 K - a +6 ring of intelligence
 T - a ring of poison resistance
Wands
 n - a wand of polymorph (10)
 q - a wand of acid (7)
 t - a wand of mindburst (21)
 z - a wand of roots (6)
 B - a wand of flame (12)
Scrolls
 g - a scroll of magic mapping {unknown}
 o - a scroll of acquirement
 u - a scroll of fog {unknown}
 w - 5 scrolls of teleportation
 J - a scroll of vulnerability {unknown}
 L - a scroll of enchant armour
 O - 2 scrolls of fear
 P - 3 scrolls of identify
 Q - a scroll of summoning {unknown}
 U - a scroll of silence {unknown}
 Z - a scroll of amnesia
Potions
 c - 3 potions of invisibility
 f - 2 potions of brilliance {unknown}
 i - a potion of cancellation
 j - 2 potions of magic
 m - 7 potions of curing {unknown}
 v - 2 potions of ambrosia {unknown}
 C - 2 potions of heal wounds {unknown}
 E - 2 potions of mutation {unknown}
 F - a potion of might {unknown}
 G - a potion of flight
 Y - a potion of haste {unknown}


   Skills:
 + Level 5.0 Fighting
 + Level 6.8 Short Blades
 + Level 8.5 Dodging
 + Level 10.6 Stealth
 + Level 7.8 Spellcasting
 + Level 8.2 Hexes
 + Level 4.5 Ice Magic
 + Level 6.5 Evocations


You had 19 spell levels left.
You knew the following spells:

 Your Spells              Type           Power      Damage    Failure   Level
a - Ensorcelled Hibernat  Hex/Ice        62%        N/A       1%          2
b - Confusing Touch       Hex            38%        N/A       1%          3

Your spell library contained the following spells:

 Spells                   Type           Power      Damage    Failure   Level
 Dazzling Flash           Conj/Hex       46%        N/A       4%          3
 Apportation              Tloc           14%        N/A       10%         1
 Alistair's Intoxication  Tmut/Pois      4%         N/A       95%         5
 Fireball                 Conj/Fire      3%         3d4       95%         5
 Iskenderun's Battlesphe  Conj           7%         2d6       95%         5
 Conjure Ball Lightning   Conj/Air       3%         3x3d6     100%        6
 Orb of Destruction       Conj           3%         9d5       100%        7
 Tukima's Dance           Hex            Unusable   N/A       N/A         3

Dungeon Overview and Level Annotations

Branches:
Dungeon (9/15)             Temple (0/1) D:6          Bailey (1/1)
   Lair: D:8-11         Orc: D:9-12

Altars:
Ashenzari
Cheibriados
Elyvilon
Hepliaklqana
Makhleb
Okawaru
Qazlal
Wu Jian
Xom
Yredelemnul

Shops:
D:1 !   D:4 :   D:9 *


Innate Abilities, Weirdness & Mutations

You are very small and have problems with some larger weapons.
You are too small for most types of armour.
You have supernaturally acute eyesight. (SInv)
You cover ground extremely quickly. (Speed+++)


Message History

Aim: an orc warlord, wielding a +4 battleaxe and wearing a +0 chain mail (chance to affect: 26%)
The orc warlord easily resists.
The orc warlord hits you with a +4 battleaxe!
There is an open door here.
Casting: Ensorcelled Hibernation (safe; 1% risk of failure)
Confirm with . or Enter, or press ? or * to list all spells.
Aiming: Ensorcelled Hibernation (safe; 1% risk of failure)
Press: ? - help, Shift-Dir - straight line, f/p - orc warlord
Aim: an orc warlord, wielding a +4 battleaxe and wearing a +0 chain mail (chance to affect: 26%)
The orc warlord looks drowsy...
There is an open door here.
The helpless orc warlord fails to defend itself.
You skewer the orc warlord like a kebab!!!!
The orc warlord is severely wounded.
Casting: Ensorcelled Hibernation (safe; 1% risk of failure)
Confirm with . or Enter, or press ? or * to list all spells.
Your hands begin to glow red.
The orc warlord hits you but does no damage.
You hit the orc warlord but do no damage.
The orc warlord is severely wounded.
You hit the orc warlord but do no damage.
The orc warlord is severely wounded.
The orc warlord barely misses you.
You barely miss the orc warlord.
The orc warlord is severely wounded.
The orc warlord misses you.
You hit the orc warlord but do no damage.
The orc warlord is severely wounded.
You hit the orc warlord but do no damage.
The orc warlord is severely wounded.
The orc warlord barely misses you.
You hit the orc warlord but do no damage.
The orc warlord is severely wounded.
The orc warlord hits you with a +4 battleaxe!!
You hit the orc warlord but do no damage.
The orc warlord is severely wounded.
You hit the orc warlord but do no damage.
The orc warlord is severely wounded.
The orc warlord hits you with a +4 battleaxe!!
You die...

#...8...)..#'''#......8
##......####~~~####....
♣##.....#~~~~~~~~~#....
♣.##....#~.8...8.~#....
♣♣..###'###.......###'##
♣...~~~.#~~.8...8.~~#.~~
♣...~~~.#~.........~#.~~
∩...~~~o#~....∩....~#.~~
♣...~~~@##.........##.~~
♣...~~~.#~..8...8..~#)(~
♣♣..###'#~.........~#'##
♣.##...#~}?8...8g|~#((.
♣##....##~~#####~~##...
##......####...####.)..
#.....).).............)
#..8..8(...(........8..
#...................(..


You could see an orc warlord.

Vanquished Creatures
  A two-headed ogre (D:8)
  Grinder (D:6)
  A wyvern (D:7)
  A vampire (D:9)
  Eustachio (D:4)
  Grum (D:8)
  12 yaks
  2 steam dragons
  5 water moccasins
  8 orc warriors
  2 ice beasts (D:8)
  A black bear (D:5)
  2 sky beasts
  2 ogres
  2 wolves (D:8)
  2 centaurs (D:8)
  3 phantoms
  5 bullfrogs
  4 scorpions
  A necrophage (D:4)
  4 wights
  3 killer bees (D:4)
  2 howler monkeys
  2 orc priests
  4 hounds
  4 jellies
  6 iguanas
  3 orc wizards
  11 adders
  5 gnolls
  A shadow imp (D:7)
  2 white imps (D:7)
  2 ufetubi
  2 dart slugs
  24 orcs
  A bat (D:2)
  4 endoplasms (D:4)
  4 giant cockroaches
  7 goblins
  9 hobgoblins
  6 jackals
  6 quokkas
  6 ball pythons
  3 frilled lizards
  12 kobolds
  7 rats
  A spectral orc (D:8)
198 creatures vanquished.

Vanquished Creatures (others)
  An orc wizard (D:7)
  An orc (D:7)
  3 fungi (D:8)
  4 plants (D:3)
9 creatures vanquished.

Grand Total: 207 creatures vanquished

Notes
Turn   | Place    | Note
-------+----------+-------------------------------------------
     0 | D:1      | koil the Spriggan Enchanter began the quest for the Orb.
     0 | D:1      | Reached XP level 1. HP: 9/9 MP: 5/5
   100 | D:1      | Found Paro's Distillery.
   373 | D:1      | Reached XP level 2. HP: 6/13 MP: 6/6
   376 | D:1      | Learned a level 2 spell: Ensorcelled Hibernation
   975 | D:2      | Found an iron altar of Okawaru.
   980 | D:2      | Became a worshipper of Warmaster Okawaru
  1021 | D:2      | Reached XP level 3. HP: 17/17 MP: 6/8
  1373 | D:3      | Reached skill level 5 in Stealth
  1472 | D:3      | Found a faded altar of an unknown god.
  1563 | D:3      | Reached skill level 1 in Fighting
  1563 | D:3      | Reached XP level 4. HP: 22/22 MP: 4/9
  1678 | D:3      | Found a white marble altar of Elyvilon.
  2321 | D:4      | Noticed a phantom
  2363 | D:4      | Learned a level 3 spell: Confusing Touch
  2579 | D:4      | Reached XP level 5. HP: 25/25 MP: 8/11
  2669 | D:4      | Reached * piety under Okawaru
  2697 | D:4      | Reached skill level 6 in Stealth
  2697 | D:4      | Reached XP level 6. HP: 14/30 MP: 0/12
  2713 | D:4      | Found Alaxaile's Self-Improvement Boutique.
  2799 | D:4      | Reached skill level 1 in Ice Magic
  2806 | D:4      | Reached ** piety under Okawaru
  2919 | D:4      | Noticed a water moccasin
  2926 | D:4      | Killed a water moccasin
  2927 | D:4      | Reached skill level 5 in Hexes
  2927 | D:4      | Reached XP level 7. HP: 35/35 MP: 14/14
  2928 | D:4      | Found a broken altar of Ashenzari.
  2930 | D:4      | Noticed Eustachio
  2954 | D:4      | Killed Eustachio
  3196 | D:4      | Reached skill level 5 in Dodging
  3196 | D:4      | Reached skill level 7 in Stealth
  3403 | D:5      | Entered Level 5 of the Dungeon
  3450 | D:5      | Reached *** piety under Okawaru
  3475 | D:5      | Found a snail-covered altar of Cheibriados.
  3551 | D:5      | Reached skill level 1 in Evocations
  3628 | D:5      | Reached XP level 8. HP: 39/39 MP: 16/16
  3691 | D:5      | Reached skill level 5 in Spellcasting
  3788 | D:5      | Found a stormy altar of Qazlal.
  3969 | D:5      | Reached **** piety under Okawaru
  3974 | D:5      | Reached skill level 8 in Stealth
  3980 | D:5      | Reached XP level 9. HP: 44/44 MP: 0/18
  4552 | D:6      | Found a shimmering altar of Xom.
  4622 | D:6      | Noticed Grinder
  4636 | D:6      | Killed Grinder
  4636 | D:6      | Reached ***** piety under Okawaru
  4637 | D:6      | Reached skill level 5 in Short Blades
  4840 | D:6      | Found an ornate altar of the Wu Jian Council.
  4869 | D:6      | Found a staircase to the Ecumenical Temple.
  5463 | D:6      | Identified 2 scrolls of acquirement
  5463 | D:6      | Acquired 1303 gold pieces
  5730 | D:7      | Reached skill level 9 in Stealth
  5887 | D:7      | Found a burning altar of Makhleb.
  5966 | D:7      | Found a hazy altar of Hepliaklqana.
  5966 | D:7      | Found an iron altar of Okawaru.
  6235 | D:7      | Reached skill level 5 in Evocations
  6508 | D:7      | Reached XP level 10. HP: 51/51 MP: 21/21
  6978 | D:8      | Noticed Grum
  6995 | D:8      | Killed Grum
  7191 | D:8      | Identified the +12 flail "Bejofual" {vamp, *Rage +Blink
                  | rN+++ Will-}
  7358 | D:8      | Reached skill level 10 in Stealth
  7679 | D:8      | Found a basalt altar of Yredelemnul.
  7736 | D:8      | Noticed a two-headed ogre
  7745 | D:8      | Killed a two-headed ogre
  7770 | D:8      | Reached ****** piety under Okawaru
  7772 | D:8      | Reached skill level 5 in Fighting
  7867 | D:9      | Found Qumyetee's Assorted Antiques.
  8157 | D:9      | Found a flagged portal.
  8180 | Bailey   | Entered a bailey
  8188 | Bailey   | Noticed an orc warlord
  8411 | Bailey   | Found a runed translucent gate.
  8411 | Bailey   | Found a runed translucent gate.
  8429 | Bailey   | Found a runed translucent gate.
  8562 | Bailey   | Slain by an orc warlord

Illustrated notes

Levels and vault maps discovered:
D:1:      minmay_arrival_radiant_lines, layout_loops_ring, serial_shops,
          nicolae_shop_hallway_plus, minmay_tromino_v4_c
D:2:      layout_loops_ring, basic_altar
D:3:      layout_basic, lemuel_tele_altar,
          shapermc_ecumenical_altar_mp_ritualfount, kennysheep_nub,
          nicolae_elevator_lobby_plus
D:4:      minmay_evil_eye, layout_loops_ring, mainiacjoe_overflow_tiny_flanked,
          nicolae_shop_self_help, uniq_eustachio
D:5:      layout_loops_ring, mainiacjoe_overflow_concentric_impassable,
          mainiacjoe_overflow_small_starburst
D:6:      layout_loops_ring, mainiacjoe_overflow_cross_hatched,
          nicolae_wu_jian_glorious_leap, minmay_temple_entry_purple_smoke,
          uniq_grinder
D:7:      layout_loops_ring, mainiacjoe_overflow_catwalk,
          gammafunk_temple_overflow_elements, minmay_alternating_orb
D:8:      layout_cave_pools, yredelemnul_forgotten_temple_becter, serial_park,
          serial_park_square3 [serial_park_minivault_5x5_1], serial_park_gazebo
          [serial_park_minivault_5x5_3], serial_park_square3
          [serial_park_minivault_5x5_6], serial_park_square2, uniq_grum
D:9:      minmay_cornered_nines, layout_long_grid, mainiacjoe_overflow_alcove_1,
          erik_lair_orcish_takeover, serial_shops, nicolae_stop_n_shop_2,
          enter_bailey_3
Bailey:   bailey_axe_bossmonster_kennysheep, bailey

Skill      XL: |  1  2  3  4  5  6  7  8  9 10 |
---------------+-------------------------------+-----
Dodging        | 3 4 5 6 7 8 |  8.5
Spellcasting   | 3 4 5 6 7 |  7.8
Hexes          | 4 5 6 7 8 |  8.2
Stealth        | 5 6 7 8 9 10 | 10.6
Fighting       | 1 2 3 4 5 |  5.0
Short Blades   | 2 3 4 5 6 |  6.8
Ice Magic      | 1 2 3 4 |  4.5
Evocations     | 1 3 5 6 |  6.5

Action                   |  1- 3 |  4- 6 |  7- 9 | 10-12 || total
-------------------------+-------+-------+-------+-------++-------
Melee: Dagger            |    93 |   116 |   229 |   222 ||   660
       Punch             |       |     2 |     2 |     4 ||     8
 Cast: Ensorcelled Hiber |     6 |    15 |    45 |    35 ||   101
       Confusing Touch   |       |     2 |     6 |    10 ||    18
  Use: Scroll            |       |       |    12 |       ||    12
       Potion            |       |       |     1 |       ||     1
 Stab: Sleeping          |    16 |    18 |    41 |    25 ||   100
       Confused          |       |     1 |     7 |     7 ||    15
       Distracted        |       |       |     2 |     1 ||     3
Armor: Robe              |    14 |    15 |    18 |    19 ||    66
Dodge: Dodged            |    70 |    91 |   162 |   126 ||   449

Table legend: (Time is in decaauts)
 A = Elapsed time spent in this place.
 B = Non-inter-level travel time spent in this place.
 C = Inter-level travel time spent in this place.
 D = Time resting spent in this place.
 E = Time spent auto-exploring this place.
 F = Levels seen in this place.
 G = Mean time per level.
                   A        B        C        D        E       F      G
               +--------+--------+--------+--------+--------+-----+--------+
         Total |   6139 |   5842 |    297 |    550 |   3789 |  10 |  613.9 |
       Dungeon |   5856 |   5559 |    297 |    448 |   3789 |   9 |  650.7 |
        Bailey |    282 |    282 |      0 |    102 |      0 |   1 |  282.0 |
               +--------+--------+--------+--------+--------+-----+--------+

Top non-repeatable levels by time:
     D:7: 1053 daAuts
     D:4: 925 daAuts
     D:5: 795 daAuts
     D:6: 756 daAuts
     D:8: 644 daAuts
     D:3: 604 daAuts
     D:2: 437 daAuts
     D:1: 422 daAuts
  Bailey: 282 daAuts
     D:9: 215 daAuts
